 Dungeon Crawl Stone Soup version 0.30-a0-368-g86fb4627a9 (webtiles) character file.

Game seed: 406689461144391417

5413 JOEMAMA2 the Cleaver (level 10, 0/91 HPs)
             Began as a Minotaur Berserker on Nov 20, 2022.
             Was an Elder of Trog.
             Slain by a two-headed ogre
             ... wielding a +0 giant club
              (19 damage)
             ... on level 9 of the Dungeon.
             The game lasted 00:18:12 (9710 turns).

JOEMAMA2 the Cleaver (Minotaur Berserker)           Turns: 9710, Time: 00:18:13

Health: 0/91       AC: 18    Str: 26    XL:     10   Next: 40%
Magic:  9/9        EV:  9    Int:  4    God:    Trog [****..]
Gold:   489        SH:  0    Dex: 10    Spells: 9/9 levels left

rFire   x . .      SeeInvis .    g - +3 battleaxe (freeze)
rCold   + . .      Faith    +    (shield currently unavailable)
rNeg    . . .      Spirit   .    b - +0 plate armour
rPois   .          Reflect  .    (helmet restricted)
rElec   +          Harm     .    r - +1 cloak
rCorr   .          Rampage  .    l - +0 pair of gloves
Will    ++...                    (no boots)
Stlth   ..........               j - amulet of faith
HPRegen 0.35/turn                t - ring "Riodd" {Ice rElec Will++}
MPRegen 0.11/turn                (no ring)

@: no status effects
A: horns 2, retaliatory headbutt
a: Renounce Religion, Berserk, Trog's Hand, Brothers in Arms


You were on level 9 of the Dungeon.
You worshipped Trog.
Trog was greatly pleased with you.
You visited 2 branches of the dungeon, and saw 10 of its levels.

You collected 489 gold pieces.

Inventory:

Hand Weapons
 g - a +3 battleaxe of freezing (weapon)
Armour
 b - a +0 plate armour (worn)
 l - a +0 pair of gloves (worn)
 r - a +1 cloak (worn)
Jewellery
 j - an amulet of faith (around neck)
 t - the ring "Riodd" (left hand) {Ice rElec Will++}
   (You found it on level 7 of the Dungeon)

   [ring of ice]

   It enhances your ice magic.
   rF:        It makes you vulnerable to fire.
   rC:        It protects you from cold.
   rElec:     It insulates you from electricity.
   Will:      It greatly increases your willpower.
Wands
 i - a wand of digging (7)
 u - a wand of flame (20)
 w - a wand of mindburst (8)
Scrolls
 c - 7 scrolls of identify
 d - 2 scrolls of teleportation
 f - a scroll of noise {unknown}
 h - a scroll of fear
 k - a scroll of enchant armour
 m - a scroll of blinking
 o - a scroll of summoning
 v - a scroll of magic mapping {unknown}
Potions
 a - a potion of berserk rage
 e - 2 potions of heal wounds
 n - 2 potions of degeneration {unknown}
 q - a potion of magic
 s - 2 potions of might


   Skills:
 + Level 9.0 Fighting
 + Level 13.1 Axes
 + Level 9.7 Armour
 + Level 4.7 Dodging
 + Level 1.6 Stealth


You had 9 spell levels left.
You didn't know any spells.
Your spell library was empty.

Dungeon Overview and Level Annotations

Branches:
Dungeon (9/15)             Temple (1/1) D:4
   Lair: D:8-11         Orc: D:9-12

Altars:
Ashenzari
Cheibriados
Dithmenos
Elyvilon
Fedhas
Gozag
Hepliaklqana
Kikubaaqudgha
Makhleb
Nemelex Xobeh
Okawaru
Qazlal
Ru
Sif Muna
Trog
Uskayaw
Vehumet
Wu Jian
Xom
Yredelemnul
Zin
The Shining One


Innate Abilities, Weirdness & Mutations

You have a pair of horns on your head.
You reflexively headbutt those who attack you in melee.


Message History

Your ogre closely misses the killer bee.
The two-headed ogre hits you but does no damage.
The two-headed ogre hits you with a +0 giant spiked club!
* * * LOW HITPOINT WARNING * * *
Your Axes skill increases to level 13!
You feel very sick.
The killer bee stings you but does no damage.
The killer bee stings you.
* * * LOW HITPOINT WARNING * * *
The killer bee stings you but does no damage.
The killer bee completely misses you.
Your ogre hits the killer bee with a +0 giant club!!!
The killer bee dies!
Trog accepts your kill.
You feel better. The killer bee stings you.
* * * LOW HITPOINT WARNING * * *
The killer bee stings you but does no damage.
The killer bee stings your ogre!
Your ogre closely misses the killer bee.
The two-headed ogre hits your ogre with a +0 giant club!
The two-headed ogre barely misses your ogre.
The killer bee stings your ogre.
A shadow comes into view.
Found a chain mail.
Your ogre closely misses the killer bee.
The two-headed ogre barely misses your ogre.
The two-headed ogre hits your ogre with a +0 giant spiked club!
Your ogre dies!
Your ogre's corpse disappears in a puff of smoke!
You slice the killer bee!! You freeze the killer bee.
You kill the killer bee!
Trog accepts your kill.
You feel better.
The two-headed ogre attacks as you move away!
The two-headed ogre closely misses you. x2
The two-headed ogre attacks as you move away!
The two-headed ogre hits you with a +0 giant club.
* * * LOW HITPOINT WARNING * * *
The two-headed ogre hits you with a +0 giant spiked club!!
You die...

### #...#
###.###########...######
##.....##[....##.........
##..............#†........
#..............†.##.......
#..........<............##
#.................##..#...
#......................##.
#...[....@O...............
#.....[......W......W.....
##..............###.....##
##.....##.....## ......#
############## ##.....
....[ ##.. ..


You could see a two-headed ogre and a shadow.

Vanquished Creatures
  9 yaks
  Eustachio (D:5)
  Grum (D:8)
  2 steam dragons
  3 water moccasins (D:7)
  An ice beast (D:6)
  An orc warrior (D:8)
  2 black bears
  3 ogres
  2 wolves (D:8)
  A centaur (D:6)
  3 phantoms
  4 bullfrogs
  5 scorpions
  A necrophage (D:7)
  13 wights
  4 killer bees (D:9)
  2 hounds
  2 jellies
  Crazy Yiuf (D:6)
  5 orc priests
  An iguana (D:4)
  7 orc wizards
  6 adders
  An ufetubus (D:7)
  2 worms (D:4)
  A dart slug (D:3)
  23 orcs
  9 bats
  7 endoplasms
  3 giant cockroaches
  14 goblins
  10 hobgoblins
  7 jackals (D:2)
  7 kobolds
  3 quokkas
  6 ball pythons
  4 frilled lizards
  A hobgoblin zombie (D:7)
  5 rats
  A rat zombie (D:7)
184 creatures vanquished.

Vanquished Creatures (collateral kills)
  A killer bee (D:9)
1 creature vanquished.

Vanquished Creatures (others)
  A fungus (D:6)
  2 plants (D:1)
3 creatures vanquished.

Grand Total: 188 creatures vanquished

Notes
Turn   | Place    | Note
-------+----------+-------------------------------------------
     0 | D:1      | JOEMAMA2 the Minotaur Berserker began the quest for the
                  | Orb.
     0 | D:1      | Reached XP level 1. HP: 19/19 MP: 0/0
   229 | D:1      | Reached XP level 2. HP: 14/27 MP: 1/1
   445 | D:1      | Reached skill level 4 in Axes
   975 | D:2      | Reached ** piety under Trog
  1151 | D:2      | Reached XP level 3. HP: 29/33 MP: 2/2
  1230 | D:2      | Found a faded altar of an unknown god.
  1607 | D:3      | Reached skill level 1 in Stealth
  1745 | D:3      | Reached XP level 4. HP: 36/40 MP: 3/3
  2414 | D:3      | Reached skill level 5 in Axes
  2551 | D:4      | Noticed a scorpion
  2561 | D:4      | Killed a scorpion
  2561 | D:4      | HP: 1/40 [poisoned by a scorpion]
  2562 | D:4      | Reached XP level 5. HP: 2/47 MP: 4/4
  3329 | D:4      | Noticed a phantom
  3343 | D:4      | Killed a phantom
  3389 | D:4      | Reached *** piety under Trog
  3399 | D:4      | Reached skill level 6 in Axes
  3399 | D:4      | Reached XP level 6. HP: 46/53 MP: 5/5
  3593 | D:4      | Found a staircase to the Ecumenical Temple.
  3717 | D:4      | Found a radiant altar of Vehumet.
  4183 | D:4      | Found a hazy altar of Hepliaklqana.
  4368 | D:5      | Entered Level 5 of the Dungeon
  4531 | D:5      | Reached skill level 5 in Armour
  4574 | D:5      | Reached skill level 5 in Fighting
  4574 | D:5      | Reached XP level 7. HP: 40/61 MP: 6/6
  4578 | D:5      | Reached skill level 7 in Axes
  4763 | D:5      | Noticed Eustachio
  4774 | D:5      | Killed Eustachio
  5182 | D:5      | Reached skill level 8 in Axes
  5321 | D:6      | Reached XP level 8. HP: 55/70 MP: 7/7
  5656 | D:6      | Reached skill level 9 in Axes
  6007 | D:6      | Found a runed translucent door.
  6008 | D:6      | Noticed Crazy Yiuf
  6273 | D:6      | Reached **** piety under Trog
  6418 | D:6      | Killed Crazy Yiuf
  6490 | Temple   | Entered the Ecumenical Temple
  6985 | D:7      | Reached skill level 10 in Axes
  6994 | D:7      | Reached XP level 9. HP: 11/79 MP: 8/8
  7295 | D:7      | HP: 1/79 [poisoned by a water moccasin]
  7311 | D:7      | Reached skill level 11 in Axes
  7617 | D:7      | Identified the ring "Riodd" {Ice rElec Will++}
  8944 | D:8      | Reached skill level 12 in Axes
  8949 | D:8      | Reached XP level 10. HP: 67/90 MP: 9/9
  9356 | D:8      | Noticed Grum
  9365 | D:8      | Killed Grum
  9677 | D:9      | Noticed a two-headed ogre
  9696 | D:9      | Reached skill level 13 in Axes
  9710 | D:9      | Slain by a two-headed ogre

Illustrated notes

Levels and vault maps discovered:
D:1:      psy_arrival_conway, layout_basic, chequers_big_river,
          serial_park_tiny_1
D:2:      layout_loops_ring, hellmonk_ecumenical_altar_dog_temple
D:3:      corexii_shack_village, layout_basic, minivault_25, kennysheep_potato
D:4:      nicolae_cairo_tiling_very_big, layout_cave_pods,
          lemuel_coloured_pillars_altar, vehumet_altar_wand_db
D:5:      layout_loops_ring, minivault_1, uniq_eustachio
D:6:      layout_basic, minmay_ogre_servants, uniq_crazy_yiuf_cottage
D:7:      minmay_clustersquares, layout_gridville, enter_ossuary_3
D:8:      layout_loops_cross, amcnicky_mini_corridor_feature,
          small_statue_intersection, serial_bayou_crossing, uniq_grum
D:9:      layout_rooms, enter_bailey_5, uniq_pikel
Temple:   mainiacjoe_temple_big_plus

Skill      XL: |  1  2  3  4  5  6  7  8  9 10 |
---------------+-------------------------------+-----
Axes           | 4 5 6 8 10 12 13 | 13.1
Fighting       | 4 5 6 7 8 9 |  9.0
Stealth        | 1 |  1.6
Armour         | 3 4 5 6 7 9 |  9.7
Dodging        | 3 4 |  4.7

Action                   |  1- 3 |  4- 6 |  7- 9 | 10-12 || total
-------------------------+-------+-------+-------+-------++-------
Melee: Hand axe          |    77 |    85 |       |       ||   162
       Headbutt          |     7 |    16 |    33 |    13 ||    69
       Punch             |     1 |     2 |     3 |       ||     6
       War axe           |       |    34 |   186 |       ||   220
       Battleaxe         |       |       |    41 |    41 ||    82
Invok: Berserk           |       |       |     9 |       ||     9
       Brothers in Arms  |       |       |       |     1 ||     1
  Use: Scroll            |       |    11 |       |       ||    11
       Potion            |       |     1 |     5 |     2 ||     8
Armor: Animal skin       |     4 |       |       |       ||     4
       Ring mail         |    23 |    56 |    42 |       ||   121
       Plate armour      |       |       |    83 |    38 ||   121
Dodge: Dodged            |    54 |    81 |    84 |    37 ||   256

Table legend: (Time is in decaauts)
 A = Elapsed time spent in this place.
 B = Non-inter-level travel time spent in this place.
 C = Inter-level travel time spent in this place.
 D = Time resting spent in this place.
 E = Time spent auto-exploring this place.
 F = Levels seen in this place.
 G = Mean time per level.
                   A        B        C        D        E       F      G
               +--------+--------+--------+--------+--------+-----+--------+
         Total |   9839 |   9390 |    449 |   1304 |   6463 |  10 |  983.9 |
       Dungeon |   9451 |   9028 |    423 |   1304 |   6127 |   9 | 1050.1 |
        Temple |    388 |    362 |     26 |      0 |    336 |   1 |  388.0 |
               +--------+--------+--------+--------+--------+-----+--------+

Top non-repeatable levels by time:
     D:4: 1859 daAuts
     D:7: 1817 daAuts
     D:6: 1331 daAuts
     D:3: 1048 daAuts
     D:8: 924 daAuts
     D:5: 898 daAuts
     D:1: 884 daAuts
     D:2: 619 daAuts
  Temple: 388 daAuts
     D:9: 66 daAuts
